 Dungeon Crawl Stone Soup version 0.31-a0-1570-g93c622d222 (webtiles) character file.

Game seed: 17463775468428082409

51 jlumianski the Ruffian (level 3, 0/21 (28) HPs)
             Began as a Gnoll Shapeshifter on Jan 3, 2024.
             Slain by Terence
             ... wielding a +0 flail of draining
              (2 damage)
             ... on level 3 of the Dungeon.
             The game lasted 00:04:23 (1289 turns).

jlumianski the Ruffian (Gnoll Shapeshifter)         Turns: 1289, Time: 00:04:25

HP:   0/21 (28)     AC: 10    Str: 15    XL:     3   Next: 83%
MP:   4/4           EV: 10    Int:  9    God:
Gold: 138           SH:  0    Dex: 11    Spells: 4/4 levels left

rFire   . .          .
                       - Unarmed
rCold   . . .        (no shield)
rNeg    . . .        n - +0 plate armour
rPois   +            (helmet currently unavailable)
rElec   .            (cloak currently unavailable)
rCorr   .            (gloves currently unavailable)
SInv    .            (boots currently unavailable)
Will    .....        (no amulet) Stlth
                     g - ring of poison resistance
HPRegen 0.23/turn    o - +5 ring of evasion
MPRegen 0.09/turn

%: no passive effects
@: beast-form, very heavily drained
A: beast (slay +3), fangs 1, strong nose, distributed training
a: Begin Untransformation


You were on level 3 of the Dungeon.
You were a hulking beast.
You visited 1 branch of the dungeon, and saw 3 of its levels.

You collected 138 gold pieces.

Inventory:

Armour
 a - a +0 animal skin
 i - a +0 scale mail
 n - a +0 plate armour (worn)
Jewellery
 g - a ring of poison resistance (left hand)
 l - a ring of ice
 o - a +5 ring of evasion (right hand)
Talismans
 c - a beast talisman
 d - a flux talisman
Scrolls
 e - a scroll of immolation {unknown}
 j - a scroll of identify {unknown}
 m - 2 scrolls of teleportation
 p - a scroll of amnesia {unknown}
 q - a scroll of fear {unknown}
Potions
 b - 2 potions of lignification
 f - a potion of brilliance {unknown}
 h - a potion of haste {unknown}
 k - a potion of resistance {unknown}
 r - a potion of curing


   Skills:
 + Level 2.7 Fighting
 + Level 1.0 Short Blades
 + Level 1.0 Long Blades
 + Level 1.0 Axes
 + Level 1.0 Maces & Flails
 + Level 1.0 Polearms
 + Level 1.0 Staves
 + Level 1.0 Ranged Weapons
 + Level 1.0 Throwing
 + Level 1.0 Armour
 + Level 4.6 Dodging
 + Level 1.0 Stealth
 + Level 1.0 Shields
 + Level 6.5 Unarmed Combat
 + Level 1.0 Spellcasting
 + Level 0.7 Conjurations
 + Level 0.7 Hexes
 + Level 0.7 Summonings
 + Level 0.7 Necromancy
 + Level 0.7 Translocations
 + Level 0.7 Fire Magic
 + Level 0.7 Ice Magic
 + Level 0.7 Air Magic
 + Level 0.7 Earth Magic
 + Level 0.7 Alchemy
 + Level 1.1 Invocations
 + Level 1.0 Evocations
 + Level 6.5 Shapeshifting


You had 4 spell levels left.
You didn't know any spells.
Your spell library contained the following spells:

 Spells                   Type           Power      Damage    Failure   Level
 Shock                    Conj/Air       4%         1d3       100%        1
 Swiftness                Air            1%         N/A       100%        3
 Airstrike                Air            0%         2d(1-17)  100%        4


Dungeon Overview and Level Annotations

Branches:
Dungeon (3/15)

Altars:
Uskayaw

Annotations:
D:3 Terence


Innate Abilities, Weirdness & Mutations

You are a hulking beast.
Your limbs bulge with bestial killing power. (Slay +3)
You have very sharp teeth.
Your uncanny sense of smell can sniff out nearby items.
Your experience applies equally to all skills.


Message History

You hit the kobold.
You kill the kobold!
Things that are here:
a +1 whip of electrocution; 2 poisoned darts Terence shouts!
Found 6 datura-tipped darts.
Terence shouts, "ATTACK!!!"
Terence hits you with a +0 flail of draining.
You feel drained.
You closely miss Terence. You bite Terence, but do no damage.
Terence hits you but does no damage.
You feel drained.
You barely miss Terence.
Terence hits you with a +0 flail of draining.
You feel drained.
You hit Terence but do no damage. Your bite misses Terence.
Terence completely misses you.
You closely miss Terence. Your punch misses Terence. You hit Terence.
Terence is lightly wounded.
Terence hits you with a +0 flail of draining.
You feel drained.
You hit Terence.
Terence is lightly wounded.
Terence hits you with a +0 flail of draining.
You feel drained.
You hit Terence.
Terence is moderately wounded.
Terence hits you with a +0 flail of draining.
You feel drained.
* * * LOW HITPOINT WARNING * * *
You hit Terence.
Terence is moderately wounded.
Terence closely misses you.
You barely miss Terence.
Terence is moderately wounded.
Terence hits you with a +0 flail of draining.
* * * LOW HITPOINT WARNING * * *
You feel drained.
You die...
Terence says, "Rest in peace."

##.##.####..##
#...............(
#.@.....#.#.###
#..##.#..!....#
#.<##.###.#.#.#
#.###.#........
#. #.#.....#
#.###.#.....#
......#.h@..# #.#
#.#.....#
#.###)......#
#......#...##
#......#...##+#
#......'.......
#......#####...
#......## ....
#....<..# ...


You could see Terence.

Vanquished Creatures
  A gnoll (D:1)
  An adder (D:3)
  A dart slug (D:3)
  2 endoplasms
  A giant cockroach (D:2)
  4 goblins (D:2)
  4 hobgoblins
  4 jackals (D:1)
  2 ball pythons (D:2)
  3 bats
  2 frilled lizards
  A kobold (D:3)
  4 rats
30 creatures vanquished.

Notes
Turn   | Place    | Note
-------+----------+-------------------------------------------
     0 | D:1      | jlumianski the Gnoll Shapeshifter began the quest for the
                  | Orb.
     0 | D:1      | Reached XP level 1. HP: 17/17 MP: 1/1
   137 | D:1      | Reached XP level 2. HP: 16/23 MP: 2/2
   273 | D:3      | Noticed Terence
   420 | D:1      | Reached XP level 3. HP: 11/28 MP: 3/3
   854 | D:3      | Reached skill level 1 in Invocations
   912 | D:2      | Found a hide-covered altar of Uskayaw.
  1040 | D:2      | Reached skill level 1 in Short Blades
  1040 | D:2      | Reached skill level 1 in Long Blades
  1040 | D:2      | Reached skill level 1 in Axes
  1040 | D:2      | Reached skill level 1 in Maces & Flails
  1040 | D:2      | Reached skill level 1 in Polearms
  1040 | D:2      | Reached skill level 1 in Staves
  1040 | D:2      | Reached skill level 1 in Ranged Weapons
  1040 | D:2      | Reached skill level 1 in Throwing
  1040 | D:2      | Reached skill level 1 in Armour
  1040 | D:2      | Reached skill level 1 in Stealth
  1040 | D:2      | Reached skill level 1 in Shields
  1040 | D:2      | Reached skill level 1 in Spellcasting
  1040 | D:2      | Reached skill level 1 in Evocations
  1289 | D:3      | Slain by Terence

Illustrated notes

Levels and vault maps discovered:
D:1:      mrwooster_arrival_statue_3, layout_basic
D:2:      layout_basic, basic_altar
D:3:      layout_basic, marbit_many_paths, uniq_terence

Skill      XL: |  1  2  3 |
---------------+----------+-----
Invocations    | 1 |  1.1
Short Blades   | 1 |  1.0
Long Blades    | 1 |  1.0
Axes           | 1 |  1.0
Maces & Flails | 1 |  1.0
Polearms       | 1 |  1.0
Staves         | 1 |  1.0
Ranged Weapons | 1 |  1.0
Throwing       | 1 |  1.0
Armour         | 1 |  1.0
Stealth        | 1 |  1.0
Shields        | 1 |  1.0
Spellcasting   | 1 |  1.0
Evocations     | 1 |  1.0
Fighting       | |  2.7
Dodging        | |  4.6
Unarmed Combat | |  6.5
Conjurations   | |  0.7
Hexes          | |  0.7
Summonings     | |  0.7
Necromancy     | |  0.7
Translocations | |  0.7
Fire Magic     | |  0.7
Ice Magic      | |  0.7
Air Magic      | |  0.7
Earth Magic    | |  0.7
Alchemy        | |  0.7
Shapeshifting  | |  6.5

Action                     || total
---------------------------++-------
  Melee: Unarmed           ||    65
         Bite              ||     3
    Use: Scroll            ||     1
         Potion            ||     1
 Armour: Scale mail        ||    29
         Plate armour      ||    27
  Dodge: Dodged            ||    26

Table legend: (Time is in decaauts)
 A = Elapsed time spent in this place.
 B = Non-inter-level travel time spent in this place.
 C = Inter-level travel time spent in this place.
 D = Time resting spent in this place.
 E = Time spent auto-exploring this place.
 F = Levels seen in this place.
 G = Mean time per level.
                   A        B        C        D        E       F      G
               +--------+--------+--------+--------+--------+-----+--------+
         Total |   1282 |   1270 |     12 |     79 |    623 |   3 |  427.3 |
       Dungeon |   1282 |   1270 |     12 |     79 |    623 |   3 |  427.3 |
               +--------+--------+--------+--------+--------+-----+--------+

Top non-repeatable levels by time:
     D:2: 594 daAuts
     D:1: 547 daAuts
     D:3: 141 daAuts
